 Dungeon Crawl Stone Soup version 0.18-a0-1805-g8ab820f (webtiles) character file.

404 Mefis the Magician (level 6, -5/32 HPs)
             Began as a Deep Elf Wizard on Apr 26, 2016.
             Slain by a slave (7 damage)
             ... led by Pikel
             ... on level 5 of the Dungeon.
             The game lasted 00:16:58 (4569 turns).

Mefis the Magician (Deep Elf Wizard)                Turns: 4569, Time: 00:16:58

Health: -5/32      AC:  4    Str:  6    XL:     6   Next: 56%
Magic:  2/17       EV: 13    Int: 25    God:
Gold:   113        SH:  0    Dex: 13    Spells: 7 memorised, 3 levels left

rFire  . . .     SeeInvis .     n - +0 dagger
rCold  . . .     Gourm    .     a - +0 robe
rNeg   . . .     Faith    .     (no shield)
rPois  .         Spirit   .     x - +1 helmet
rElec  .         Dismiss  .     (no cloak)
rCorr  .         Reflect  .     (no gloves)
SustAt .         Harm     .     (no boots)
MR     .....     Rnd*Rage +     (no amulet)
Stlth  ++........               (no ring)
                                s - ring of wizardry

@: about to teleport, not resistant to hostile enchantments, unstealthy
A: berserk 1, strong 1, MP-powered wands
a: no special abilities


You were on level 5 of the Dungeon.
You were hungry.

You visited 1 branch of the dungeon, and saw 5 of its levels.

You collected 113 gold pieces.

Inventory:

Hand Weapons
 n - a +0 dagger (weapon)
 u - a +1 hunting sling
Missiles
 v - 113 stones
 y - 4 tomahawks (quivered)
Armour
 a - a +0 robe (worn)
 b - a +0 hat
 x - a +1 helmet (worn)
Jewellery
 s - a ring of wizardry (left hand)
Scrolls
 e - 3 scrolls of amnesia {unknown}
 h - 2 scrolls of remove curse {unknown}
 j - 3 scrolls of fog {unknown}
 l - 2 scrolls of identify {unknown}
 p - 4 scrolls of random uselessness {unknown}
Potions
 g - a potion of degeneration {unknown}
 k - a potion of flight {unknown}
 m - 3 potions of curing {unknown}
 q - a potion of resistance
 r - a potion of mutation {unknown}
 t - 2 potions of might {unknown}
 z - a potion of ambrosia {unknown}
 A - a potion of cancellation {unknown}
 D - a potion of brilliance {unknown}
Books
 c - a book of Minor Magic

   Spells                             Type                      Level
   a - Magic Dart                     Conjuration                  1
   b - Blink                          Translocation                2
   c - Call Imp                       Summoning                    2
   d - Repel Missiles                 Charms/Air                   2
   e - Slow                           Hexes                        2
   f - Conjure Flame                  Conjuration/Fire             3
   g - Mephitic Cloud                 Conjuration/Poison/Air       3
Comestibles
 d - 2 bread rations
 f - 4 meat rations
 w - a slice of pizza
 B - 2 fruits


   Skills:
 - Level 0.2 Fighting
 + Level 3.5 Dodging
 + Level 3.5 Stealth
 + Level 6.5 Spellcasting
 + Level 2.7 Conjurations
 + Level 2.1 Summonings
 + Level 2.1 Translocations
 + Level 2.2 Fire Magic
 + Level 1.9 Poison Magic


You had 3 spell levels left.
You knew the following spells:

 Your Spells              Type           Power        Failure   Level  Hunger
a - Magic Dart            Conj           ###.         1%          1    None
b - Call Imp              Summ           ###.....     2%          2    None
c - Blink                 Tloc           N/A          2%          2    None
d - Repel Missiles        Chrm/Air       #.....       4%          2    None
e - Mephitic Cloud        Conj/Pois/Air  ###.....     4%          3    None
f - Conjure Flame         Conj/Fire      ###.....     4%          3    None
g - Slow                  Hex            #.......     4%          2    None


Dungeon Overview and Level Annotations

Branches:
Dungeon (5/15)
 Temple: D:4-7

Altars:
Cheibriados
Fedhas
Gozag
Makhleb
Pakellas
Yredelemnul

Annotations:
D:5 Pikel


Innate Abilities, Weirdness & Mutations

You tend to lose your temper in combat.
Your muscles are strong. (Str +2)
You expend magic power (3 MP) to strengthen your wands.


Message History

The slave hits you!
You hear a shout!
Read which item? (? for menu, Esc to quit)
As you read the scroll labeled ZOMANK QUET, it crumbles to dust.
It is a scroll of enchant weapon.
Enchant which weapon? (? for menu, Esc to quit)
Your hunting sling glows red for a moment.
The slave hits you.
A slave comes into view.
Read which item? (? for menu, Esc to quit)
As you read the scroll labeled YRE TOAHUSOSH, it crumbles to dust.
The creatures around you are filled with an inner flame!
It was a scroll of immolation.
The slave misses you. The slave hits you!
* * * LOW HITPOINT WARNING * * *
The slave shouts!
Read which item? (? for menu, Esc to quit)
As you read the scroll labeled ZYAJIDW AWIFI, it crumbles to dust.
You feel strangely unstable.
It was a scroll of teleportation.
The slave misses you. The slave hits you!
You die...

##################
###.........g.gp@pK#
$##.##############p#
.##.# # g.g[# .####
.# .# .# ..


You could see Pikel (inner flame), 3 slaves and 2 gnolls.

Vanquished Creatures
  A sky beast (D:5)
  A gnoll shaman (D:5)
  A hound skeleton (D:3)
  A gnoll (D:5)
  6 adders
  2 oozes (D:3)
  An adder skeleton (D:5)
  A worm (D:2)
  A dart slug (D:2)
  3 giant geckos (D:3)
  13 orcs (D:3)
  3 bats
  4 giant cockroaches
  17 goblins
  6 hobgoblins
  7 jackals
  4 kobolds
  2 giant newts
  8 rats
82 creatures vanquished.

Vanquished Creatures (collateral kills)
  An ogre (D:3)
  A scorpion (D:3)
  Robin (D:3)
  2 adders (D:3)
  2 worms
  2 orcs (D:3)
  A ball python (D:3)
  A hobgoblin (D:3)
11 creatures vanquished.

Vanquished Creatures (others)
  A hungry ghost (D:2)
1 creature vanquished.

Grand Total: 94 creatures vanquished

Notes
Turn   | Place    | Note
--------------------------------------------------------------
     0 | D:1      | Mefis the Deep Elf Wizard began the quest for the Orb.
     0 | D:1      | Reached XP level 1. HP: 10/10 MP: 7/7
   417 | D:1      | Reached XP level 2. HP: 15/15 MP: 3/9
   421 | D:1      | Learned a level 2 spell: Call Imp
   424 | D:1      | Learned a level 2 spell: Blink
   427 | D:1      | Learned a level 2 spell: Repel Missiles
   777 | D:2      | Reached skill level 5 in Spellcasting
  1030 | D:2      | Reached XP level 3. HP: 14/19 MP: 4/11
  1035 | D:2      | Learned a level 3 spell: Mephitic Cloud
  1275 | D:2      | Found a blossoming altar of Fedhas.
  1412 | D:2      | Found an oddly glowing altar of Pakellas.
  1412 | D:2      | Noticed a hungry ghost
  1436 | D:2      | Killed a hungry ghost
  1601 | D:3      | Noticed a scorpion
  1640 | D:2      | Reached XP level 4. HP: 6/24 MP: 1/13
  1866 | D:2      | Learned a level 3 spell: Conjure Flame
  2402 | D:3      | Reached skill level 6 in Spellcasting
  2416 | D:3      | Reached skill level 1 in Fire Magic
  2576 | D:3      | Learned a level 2 spell: Slow
  2621 | D:3      | Noticed Robin
  2634 | D:3      | Killed Robin
  2634 | D:3      | Reached XP level 5. HP: 24/28 MP: 6/15
  3147 | D:3      | Reached skill level 1 in Poison Magic
  3366 | D:3      | Noticed an ogre
  3420 | D:3      | Killed an ogre
  3985 | D:4      | Reached XP level 6. HP: 32/32 MP: 14/17
  4118 | D:4      | Found a burning altar of Makhleb.
  4223 | D:4      | Found an opulent altar of Gozag.
  4223 | D:4      | Found a snail-covered altar of Cheibriados.
  4224 | D:4      | Found a basalt altar of Yredelemnul.
  4379 | D:5      | Entered Level 5 of the Dungeon
  4379 | D:5      | Noticed a sky beast
  4404 | D:5      | Killed a sky beast
  4408 | D:5      | Gained mutation: You tend to lose your temper in combat. [mutagenic meat]
  4409 | D:5      | Gained mutation: You expend magic power (3 MP) to strengthen your wands. [mutagenic meat]
  4410 | D:5      | Gained mutation: Your muscles are strong. (Str +2) [mutagenic meat]
  4562 | D:5      | Noticed a slave
  4565 | D:5      | Noticed Pikel
  4565 | D:5      | Noticed a slave
  4568 | D:5      | Noticed a slave
  4569 | D:5      | Slain by a slave

Vault maps used:
D:1:      dpeg_arrival_erosion, hangedman_feature_mirror,
          kennysheep_decorative_pillar
D:2:      gammafunk_pakellas_cloud_experiment, nicolae_overflow_hidden_temple,
          kennysheep_generic_room_12
D:3:      st_stairs_8, uniq_robin
D:4:      lemuel_doored_altar, gammafunk_temple_overflow_claw, first_bread,
          patterned_corridor
D:5:      kennysheep_mini_moat, uniq_pikel

Skill      XL: |  1  2  3  4  5  6 |
---------------+-------------------+-----
Spellcasting   | 5 6 |  6.5
Conjurations   | 2 |  2.7
Dodging        | 3 |  3.5
Fire Magic     | 1 2 |  2.2
Stealth        | 3 |  3.5
Poison Magic   | 1 |  1.9
Summonings     | 2 |  2.1
Translocations | 2 |  2.1
Fighting       | |  0.2

Action                   |  1- 3 |  4- 6 || total
-------------------------+-------+-------++-------
Melee: Unarmed           |     2 |       ||     2
       Dagger            |    17 |     2 ||    19
 Cast: Magic Dart        |    85 |   169 ||   254
       Repel Missiles    |     1 |       ||     1
       Call Imp          |     3 |    16 ||    19
       Mephitic Cloud    |     2 |     6 ||     8
       Conjure Flame     |       |     2 ||     2
       Blink             |       |     1 ||     1
  Use: Potion            |       |     1 ||     1
       Scroll            |       |     3 ||     3
 Stab: Sleeping          |     1 |       ||     1
  Eat: Chunk             |     2 |    11 ||    13
Armor: Robe              |     4 |    11 ||    15
Dodge: Dodged            |    31 |    45 ||    76
       Deflected         |       |     1 ||     1
